 Dungeon Crawl Stone Soup version 0.26-a0-612-gd4d190f45e (webtiles) character file.

Game seed: 17526510403571130376

37 Artemis the Sneak (level 3, 0/23 HPs)
             Began as a Kobold Delver on Sept 8, 2020.
             Succumbed to a worker ant's poison
             ... on level 4 of the Dungeon.
             The game lasted 00:02:02 (154 turns).

Artemis the Sneak (Kobold Delver)                    Turns: 154, Time: 00:02:02

Health: 0/23       AC:  3    Str: 10    XL:     3   Next: 62%
Magic:  3/3        EV: 15    Int: 11    God:
Gold:   8          SH:  0    Dex: 16    Spells: 2/2 levels left

rFire    . . .     SeeInvis .   a - +0 short sword
rCold    . . .     Faith    .   (shield restricted)
rNeg     . . .     Spirit   .   b - +0 leather armour
rPois    .         Reflect  .   (no helmet)
rElec    .         Harm     .   (no cloak)
rCorr    .                      (no gloves)
MR       .....                  (no boots)
Stlth    +++++.....             (no amulet)
HPRegen  0.07/turn              (no ring)
MPRegen  0.08/turn              (no ring)

@: lethally poisoned (0 -> -10), hasted, very quick
A: small, nightstalker 3
a: no special abilities


You were on level 4 of the Dungeon.
You visited 1 branch of the dungeon, and saw 2 of its levels.

You collected 8 gold pieces.

Inventory:

Hand Weapons
 a - a +0 short sword (weapon)
Missiles
 h - 38 stones (quivered)
Armour
 b - a +0 leather armour (worn)
 l - a +0 ring mail
Jewellery
 j - an uncursed amulet of the acrobat {unknown}
Wands
 g - a wand of digging (3)
Scrolls
 c - a scroll of fog
 d - a scroll of magic mapping
 e - a scroll of fear
 k - a scroll of remove curse {unknown}


   Skills:
 + Level 3.4 Fighting
 + Level 3.1 Short Blades
 + Level 2.4 Dodging
 + Level 7.8 Stealth


You had 2 spell levels left.
You didn't know any spells.
Your spell library was empty.

Dungeon Overview and Level Annotations

Branches:
Dungeon (5/15)
 Temple: D:4-7

Altars:


Innate Abilities, Weirdness & Mutations

You are small and have problems with some larger weapons.
You are completely attuned to the shadows.


Message History

You hit the worker ant but do no damage.
The worker ant is moderately wounded.
You feel sick. The worker ant barely misses you.
It was a potion of curing.
You feel better. The worker ant bites you.
You are poisoned.
The worker ant poisons you!
You feel yourself speed up.
You feel sick. The worker ant bites you.
* * * LOW HITPOINT WARNING * * *
You are more poisoned.
The worker ant poisons you! The worker ant bites you.
* * * LOW HITPOINT WARNING * * *
* * * LOW HITPOINT WARNING * * *
You feel sick.
The worker ant bites you but does no damage.
* * * LOW HITPOINT WARNING * * *
You feel sick.
Found 22 stones.
An orc comes into view.
You die...

..#
.###(###
...#...##
##.#....o
##...@#
.....##
#####a#
...##.#
#..#.#
#...#
###.####
#....#
#..#.#


You could see a worker ant and an orc (asleep).

Vanquished Creatures
  An orc priest (D:4)
  A leopard gecko (D:4)
  2 orcs (D:4)
  A giant cockroach (D:4)
5 creatures vanquished.

Notes
Turn   | Place    | Note
-------+----------+-------------------------------------------
     0 | D:5      | Artemis the Kobold Delver began the quest for the Orb.
     0 | D:5      | Reached XP level 1. HP: 14/14 MP: 1/1
    84 | D:4      | Noticed an orc priest
    89 | D:4      | Killed an orc priest
    89 | D:4      | Reached skill level 7 in Stealth
    89 | D:4      | Reached XP level 2. HP: 19/19 MP: 2/2
    89 | D:4      | Reached XP level 3. HP: 23/23 MP: 3/3
   151 | D:4      | HP: 1/23 [poisoned by a worker ant]
   154 | D:4      | Succumbed to a worker ant's poison

Illustrated notes

Levels and vault maps discovered:
D:4:      layout_rooms
D:5:      layout_loops_ring

Skill      XL: |  1 |
---------------+----+-----
Short Blades   | 3 |  3.1
Stealth        | 7 |  7.8
Fighting       | |  3.4
Dodging        | |  2.4

Action                   || total
-------------------------++-------
Melee: Short sword       ||    11
  Use: Potion            ||     2
 Stab: Sleeping          ||     4
Armor: Leather armour    ||     3
Dodge: Dodged            ||     5

Table legend: (Time is in decaauts)
 A = Elapsed time spent in this place.
 B = Non-inter-level travel time spent in this place.
 C = Inter-level travel time spent in this place.
 D = Time resting spent in this place.
 E = Time spent auto-exploring this place.
 F = Levels seen in this place.
 G = Mean time per level.
                   A        B        C        D        E       F      G
               +--------+--------+--------+--------+--------+-----+--------+
         Total |    151 |    133 |     18 |      0 |      0 |   2 |   75.5 |
       Dungeon |    151 |    133 |     18 |      0 |      0 |   2 |   75.5 |
               +--------+--------+--------+--------+--------+-----+--------+

Top non-repeatable levels by time:
     D:4: 91 daAuts
     D:5: 60 daAuts
